 Dungeon Crawl Stone Soup version 0.30-a0-1155-gf8af5b4991 (webtiles) character file.

Game seed: 8411887555203964288

104826 MacCMillion the Arsonist (level 16, 0/99 HPs)
             Began as a Gargoyle Earth Elementalist on Apr 24, 2023.
             Was a High Priest of Vehumet.
             Killed from afar by Asterion (7 damage)
             ... with a bolt of lightning
             ... on level 2 of the Spider Nest.
             The game lasted 01:43:26 (37565 turns).

MacCMillion the Arsonist (GrEE)                    Turns: 37565, Time: 01:43:27

Health: 0/99       AC: 30    Str: 13    XL:     16   Next: 39%
Magic:  12/30      EV: 15    Int: 23    God:    Vehumet [*****.]
Gold:   1649       SH:  8    Dex: 10    Spells: 11/36 levels left

rFire   . . .        c - +0 dagger
rCold   . . .        G - +2 buckler
rNeg    + . .        Z - +2 robe {Archmagi}
rPois   ∞            N - +2 hood of the Assassin {Detect Stab+ Stlth++}
rElec   +            d - +0 cloak
rCorr   .            D - +0 pair of gloves
SInv    .            y - +0 pair of boots
Will    ++...        a - amulet of magic regeneration
Stlth   ++++         H - ring of willpower
HPRegen 0.36/turn    l - ring of the Tortoise {AC+8}
MPRegen 0.62/turn

%: archmagi
@: about to teleport, flying
A: sickness immunity, AC +12, big wings, negative energy resistance 1,
electricity resistance, torment resistance 1, petrification resistance
a: Renounce Religion


You were on level 2 of the Spider Nest.
You worshipped Vehumet.
Vehumet was extremely pleased with you.
You visited 4 branches of the dungeon, and saw 24 of its levels.
You also visited: Ice Cave.

You collected 2357 gold pieces.
You spent 708 gold pieces at shops.

Inventory:

Hand Weapons
 c - a +0 dagger (weapon)
 h - a +0 sling
 W - a +2 morningstar of freezing
Armour
 d - a +0 cloak (worn)
 y - a +0 pair of boots (worn)
 D - a +0 pair of gloves (worn)
 G - a +2 buckler (worn)
 N - the +2 hood of the Assassin (worn) {Detect Stab+ Stlth++}
   (You found it on level 8 of the Dungeon)

   Detect:    It allows the wearer to sense nearby creatures.
   Stab+:     It allows the wearer to make particularly effective stabbing
   attacks against helpless or unaware enemies with any weapon.
   Stlth:     It makes you much more stealthy.
 X - a scarf of resistance
 Z - a +2 robe of the Archmagi (worn)
Magical Staves
 U - a staff of earth
Jewellery
 a - an amulet of magic regeneration (around neck)
 f - a ring of resist corrosion
 l - the ring of the Tortoise (right hand) {AC+8}
   (You found it on level 15 of the Dungeon)

   [ring of protection]

   AC:        It affects your AC (+8).
 q - an amulet of the acrobat
 r - a ring of protection from cold
 A - a ring of see invisible
 H - a ring of willpower (left hand)
 S - a ring of positive energy
 V - the ring "Malixt" {Ice Str+2}
   (You found it in an ice cave)

   [ring of ice]

   It enhances your ice magic.
   Str:       It affects your strength (+2).
   rF:        It makes you vulnerable to fire.
   rC:        It protects you from cold.
Wands
 t - a wand of digging (12)
 K - a wand of roots (13)
 Q - a wand of light (12)
 T - a wand of paralysis (12)
 Y - a wand of flame (11)
Scrolls
 e - 2 scrolls of magic mapping
 m - 4 scrolls of amnesia
 n - 6 scrolls of vulnerability
 o - 6 scrolls of enchant weapon
 w - a scroll of torment {unknown}
 z - 4 scrolls of immolation
 C - 5 scrolls of fear
 E - 3 scrolls of teleportation
 F - 2 scrolls of blinking
 I - 6 scrolls of poison
 J - 3 scrolls of butterflies
 L - 2 scrolls of fog
 R - 3 scrolls of enchant armour
Potions
 b - a potion of magic
 g - 5 potions of lignification
 i - 10 potions of haste
 j - 3 potions of brilliance
 k - a potion of resistance {unknown}
 p - 4 potions of attraction
 s - 2 potions of might
 u - 3 potions of berserk rage
 v - 2 potions of ambrosia
 x - 12 potions of curing
 B - 6 potions of heal wounds
 M - 4 potions of mutation
 O - 3 potions of cancellation
 P - a potion of invisibility {unknown}


   Skills:
 - Level 10.7 Fighting
 - Level 6.9 Armour
 - Level 10.0 Dodging
 - Level 4.0 Stealth
 + Level 10.9 Shields
 - Level 10.5 Spellcasting
 - Level 10.0 Conjurations
 - Level 0.7 Transmutations
 - Level 13.4 Fire Magic
 - Level 7.0 Ice Magic
 - Level 9.0 Earth Magic
 - Level 4.0 Poison Magic


You had 11 spell levels left.
You knew the following spells:

 Your Spells              Type           Power      Damage    Failure   Level
a - Sandblast             Erth           100%       2d20      1%          1
b - Stone Arrow           Conj/Erth      100%       3d13      1%          3
c - Magic Dart            Conj           100%       1d8       1%          1
d - Mephitic Cloud        Conj/Pois/Air  50%        N/A       1%          3
e - Frozen Ramparts       Ice            100%       1d16      1%          3
f - Fireball              Conj/Fire      39%        3d16      1%          5
g - Olgreb's Toxic Radia  Pois           45%        N/A       3%          4
h - Iskenderun's Battles  Conj           72%        2d12      1%          5

Your spell library contained the following spells:

 Spells                   Type           Power      Damage    Failure   Level
 Shock                    Conj/Air       100%       1d9       1%          1
 Passwall                 Tmut/Erth      42%        N/A       1%          2
 Searing Ray              Conj           100%       2d8       1%          2
 Dazzling Flash           Conj/Hex       100%       N/A       1%          3
 Ozocubu's Armour         Ice            61%        N/A       1%          3
 Volatile Blastmotes      Fire/Tloc      100%       2d18      1%          3
 Ensorcelled Hibernation  Hex/Ice        84%        N/A       2%          2
 Fulminant Prism          Conj/Hex       25%        3d14      2%          4
 Iskenderun's Mystic Bla  Conj/Tloc      51%        2d11      2%          4
 Starburst                Conj/Fire      39%        6d11      2%          6
 Beastly Appendage        Tmut           46%        N/A       4%          1
 Irradiate                Conj/Tmut      26%        3d20      5%          5
 Spider Form              Tmut/Pois      34%        N/A       8%          3
 Petrify                  Tmut/Erth      51%        N/A       9%          4
 Call Imp                 Summ           36%        N/A       10%         2
 Animate Armour           Summ/Erth      98%        N/A       11%         4
 Airstrike                Air            9%         2d(2-18)  17%         4
 Swiftness                Air            18%        N/A       21%         3
 Tukima's Dance           Hex            18%        N/A       21%         3
 Yara's Violent Unravell  Hex/Tmut       10%        3d6       36%         5
 Metabolic Englaciation   Hex/Ice        21%        N/A       41%         5
 Anguish                  Hex/Necr       9%         N/A       54%         4
 Passage of Golubria      Tloc           18%        N/A       54%         4
 Summon Lightning Spire   Summ/Air       18%        N/A       54%         4
 Lehudib's Crystal Spear  Conj/Erth      35%        10d9      88%         8
 Simulacrum               Ice/Necr       21%        N/A       94%         6
 Storm Form               Tmut/Air       10%        N/A       100%        7
 Maxwell's Capacitive Co  Air            9%         ∞         100%        8
 Sublimation of Blood     Necr           Unusable   N/A       N/A         2

Dungeon Overview and Level Annotations

Branches:
Dungeon (15/15)              Lair (5/5) D:8           Swamp (0/4) Lair:2
 Spider (2/4) Lair:3        Slime (0/5) Lair:5          Orc (2/2) D:9
    Elf (0/3) Orc:2        Vaults (0/5) D:14         Depths (0/4) D:15
  IceCv (visited)
 Temple: D:4-7

Altars:
Ashenzari
Cheibriados
Dithmenos
Kikubaaqudgha
Sif Muna
Uskayaw
Vehumet
Wu Jian
Xom
Jiyva

Shops:
D:2 *   D:4 ?   D:8 **   Orc:1 *!   Orc:2 [(*[:

Annotations:
D:5 1 runed translucent door, topfpfpflanze's ghost, amateur FeEE
D:8 exclusion: manticore
Lair:2 1 runed translucent door, Banquo's ghost, journeyman DjFE; Gastronok
Lair:5 exclusion: 2 oklob plants
Spider:2 Asterion


Innate Abilities, Weirdness & Mutations

You are immune to sickness and miasma.
Your stone body is resilient. (AC +12)
You are immune to poison.
Your large and strong wings let you fly.
You resist negative energy. (rN+)
You are resistant to electric shocks. (rElec)
You are resistant to unholy torment.
You are immune to petrification.


Message History

You feel a surge of power!
Asterion blocks the stone arrow with his +1 kite shield of reflection... and reflects it back!
The stone arrow hits you!
Your battlesphere fires!
The barrage of energy hits the cacodemon.
The cacodemon is severely wounded.
You feel a surge of power!
The stone arrow hits Asterion!
Asterion is moderately wounded.
Your battlesphere fires!
The barrage of energy hits the cacodemon.
The cacodemon is severely wounded.
Asterion conjures a destructive force in the name of Makhleb!
The bolt of fire hits you!!!
Asterion hits you with a +2 spectral morningstar!
You block the +2 spectral morningstar's attack.
Asterion barely misses you.
A +2 spectral morningstar comes into view.
Asterion screams, "Stop staring at me!"
Asterion attacks as you move away! Asterion closely misses you.
You block Asterion's attack.
The +2 spectral morningstar disappears.
Asterion closely misses you.
The +2 spectral morningstar closely misses you.
Asterion gores you!
A +2 spectral morningstar comes into view.
As you read the scroll of teleportation, it crumbles to dust.
You feel strangely unstable.
The +2 spectral morningstar disappears.
Asterion completely misses you.
The +2 spectral morningstar hits you but does no damage.
Asterion gores you!
* * * LOW HITPOINT WARNING * * *
Asterion hits you but does no damage. The +2 spectral morningstar hits you!
* * * LOW HITPOINT WARNING * * *
You block Asterion's attack.
A +2 spectral morningstar comes into view.
Asterion attacks as you move away! Asterion hits you but does no damage.
The +2 spectral morningstar hits you but does no damage.
Asterion gores you but does no damage.
Asterion conjures a destructive force in the name of Makhleb!
The bolt of lightning hits you! You resist.
You die...

........# ##.....#.........
........# ##................
........# #(................
.....*..# #.....^...##...^..
........###.........##>.....
.......(2...........###...##
.........H...........#######
..#..#...............^.###..
# #.##.....@........###^....
#.................# #.....
..............##..###....>
............#####...###....
...........## #.....##....
............# #.....##....
...........# #...........
.........#####........#..
.......^............##..


You could see Asterion (fast, reflecting), a cacodemon (summoned, ally target),
a +2 spectral morningstar and a friendly battlesphere.

Vanquished Creatures
  A frost giant (IceCv)
  An iron dragon (D:15)
  An emperor scorpion (Spider:1)
  An orc warlord (Orc:2)
  Josephine (Lair:4)
  6 vault guards
  A jorogumo (Spider:2)
  4 catoblepae
  6 boulder beetles
  3 centaur warriors (D:13)
  4 tengu warriors
  4 orc high priests (Orc:2)
  11 two-headed ogres
  5 death yaks (IceCv)
  11 skeletal warriors
  2 pharaoh ants
  8 iron trolls (D:15)
  A deep troll (shapeshifter) (D:15)
  A skyshark (Lair:3)
  An orb spider (Spider:2)
  A lindwurm (Lair:5)
  3 wizards (D:15)
  A necromancer (D:15)
  An orc knight (Orc:2)
  8 wolf spiders
  3 cyclopes
  8 ugly things
  6 orc sorcerers
  6 elephants
  A demonic crawler (Spider:1)
  A centaur zombie (D:15)
  2 black mambas
  A naga mage (D:15)
  2 torpor snails (Spider:1)
  5 cane toads
  An unseen horror (D:12)
  An ice statue (IceCv)
  Psyche (D:12)
  2 kobold demonologists
  Maggie (D:7)
  7 komodo dragons
  8 rime drakes
  3 tengu conjurers (D:13)
  10 polar bears
  6 trolls
  A meliai (Lair:3)
  3 tyrant leeches (Lair:2)
  5 hornets (Lair:5)
  10 tarantellas
  10 blink frogs
  12 dream sheep (Lair:5)
  2 jumping spiders
  3 slime creatures (D:15)
  4 wyverns
  5 wraiths
  A centaur simulacrum (D:15)
  A vampire (D:10)
  11 spriggans (Lair:5)
  3 shadows
  6 culicivoras
  4 basilisks
  37 yaks
  5 redbacks
  2 steam dragons
  A redback simulacrum (D:15)
  6 vampire mosquitoes
  6 wargs
  A swamp worm (Lair:2)
  Duvessa (D:4)
  10 water moccasins
  Pargi (D:4)
  24 orc warriors
  6 black bears
  A sky beast (D:7)
  10 ogres
  4 boggarts (Lair:5)
  8 centaurs
  39 wolves
  A phantom (D:7)
  2 kobold brigands (D:6)
  12 bullfrogs
  2 gnoll sergeants
  A scorpion (D:4)
  17 wights
  Dowan (D:5)
  8 killer bees
  A vampire bat (D:12)
  3 howler monkeys (D:9)
  2 electric eels
  A hound (D:7)
  11 orc priests
  A jelly (D:5)
  3 iguanas
  Terence (D:3)
  Natasha (thrice) (D:4)
  12 orc wizards
  2 polar bear simulacra (Lair:4)
  A wolf simulacrum (Lair:4)
  A boggart simulacrum (D:15)
  10 gnolls
  7 adders
  2 shadow imps
  2 white imps (D:6)
  4 worms
  2 dart slugs
  47 orcs
  8 ball pythons
  4 bats (D:1)
  A bat skeleton (D:12)
  3 bat zombies (D:12)
  5 endoplasms
  2 giant cockroaches
  9 goblins
  8 hobgoblins
  15 kobolds
  2 quokkas
  4 frilled lizards
  6 rats
632 creatures vanquished.

Vanquished Creatures (others)
  51 fungi
  26 plants
77 creatures vanquished.

Grand Total: 709 creatures vanquished

Notes
Turn   | Place    | Note
-------+----------+-------------------------------------------
     0 | D:1      | MacCMillion the Gargoyle Earth Elementalist began the quest
                  | for the Orb.
     0 | D:1      | Reached XP level 1. HP: 10/10 MP: 3/3
   198 | D:1      | Reached XP level 2. HP: 15/15 MP: 3/5
   633 | D:1      | Reached XP level 3. HP: 19/19 MP: 3/6
   637 | D:1      | Learned a level 3 spell: Stone Arrow
   925 | D:2      | Reached skill level 5 in Earth Magic
  1252 | D:2      | Reached skill level 1 in Conjurations
  1299 | D:2      | Found Aliev's Assorted Antiques.
  1615 | D:3      | Reached XP level 4. HP: 24/24 MP: 3/7
  1664 | D:3      | Found a shadowy altar of Dithmenos.
  1763 | D:3      | Noticed a black bear
  1795 | D:2      | Learned a level 1 spell: Magic Dart
  1860 | D:3      | Found a hide-covered altar of Uskayaw.
  2172 | D:3      | Found a snail-covered altar of Cheibriados.
  2516 | D:3      | Killed a black bear
  2517 | D:3      | Reached XP level 5. HP: 16/28 MP: 3/9
  2831 | D:4      | Reached XP level 6. HP: 32/32 MP: 7/10
  2864 | D:4      | Noticed Pargi
  2903 | D:4      | Noticed Natasha
  2907 | D:4      | Killed Natasha
  2908 | D:4      | Reached skill level 5 in Conjurations
  2926 | D:4      | Noticed Natasha
  2928 | D:4      | Killed Natasha
  3038 | D:4      | Noticed Duvessa
  3044 | D:4      | Noticed Natasha
  3052 | D:4      | Killed Natasha
  3092 | D:4      | Reached XP level 7. HP: 36/36 MP: 6/11
  3142 | D:4      | Noticed Dowan
  3299 | D:4      | Found Cosees's Magic Scroll Boutique.
  3311 | D:4      | Bought a scroll of identify for 28 gold pieces
  3402 | D:4      | Found an ornate altar of the Wu Jian Council.
  3825 | D:3      | Noticed Terence
  3832 | D:3      | Killed Terence
  3893 | D:5      | Entered Level 5 of the Dungeon
  3906 | D:4      | Killed Duvessa
  3914 | D:5      | Killed Dowan
  4044 | D:4      | Killed Pargi
  4045 | D:4      | Reached XP level 8. HP: 28/41 MP: 4/12
  4374 | D:5      | Found a runed translucent door.
  4376 | D:5      | Noticed topfpfpflanze's ghost (amateur FeEE)
  4794 | D:5      | Found an ancient bone altar of Kikubaaqudgha.
  4794 | D:5      | Found a shimmering blue altar of Sif Muna.
  4796 | D:5      | Found a radiant altar of Vehumet.
  4801 | D:5      | Got Sif Muna's Quarto of Transmutation
  5114 | D:5      | Became a worshipper of Vehumet
  5325 | D:6      | Reached skill level 1 in Fighting
  5329 | D:6      | Learned a level 3 spell: Mephitic Cloud
  5390 | D:6      | Found a broken altar of Ashenzari.
  5483 | D:6      | Reached skill level 1 in Poison Magic
  6686 | D:7      | Reached * piety under Vehumet
  6686 | D:7      | Offered knowledge of Shock by Vehumet.
  6720 | D:7      | Noticed Maggie
  6727 | D:7      | Killed Maggie
  6728 | D:7      | Reached XP level 9. HP: 7/48 MP: 6/13
  7387 | D:8      | Found the +2 hood of the Assassin {Detect Stab+ Stlth++}
  7470 | D:8      | Noticed a manticore
  7770 | D:8      | Found Poocs's Specific Store.
  7772 | D:8      | Found Pig Bee's General Store.
  8408 | D:8      | Found a staircase to the Lair.
  8839 | D:8      | Reached skill level 10 in Conjurations
  9086 | D:8      | Reached skill level 1 in Armour
  9854 | D:9      | Reached XP level 10. HP: 55/56 MP: 9/14
 10581 | D:8      | Reached skill level 5 in Fighting
 11103 | D:9      | Reached ** piety under Vehumet
 11103 | D:9      | Offered knowledge of Scorch by Vehumet.
 11876 | D:9      | Found a staircase to the Orcish Mines.
 12033 | D:10     | Entered Level 10 of the Dungeon
 12277 | D:10     | Reached skill level 5 in Armour
 12429 | D:10     | Reached skill level 5 in Dodging
 13219 | D:10     | Offered knowledge of Frozen Ramparts by Vehumet.
 13286 | D:10     | Reached XP level 11. HP: 66/66 MP: 8/17
 13654 | D:11     | Noticed a two-headed ogre
 13927 | D:11     | Reached skill level 5 in Spellcasting
 14009 | D:11     | Reached *** piety under Vehumet
 14025 | D:11     | Noticed a boulder beetle
 14160 | D:10     | Killed a two-headed ogre
 14211 | D:11     | Noticed a two-headed ogre
 14427 | D:11     | Noticed a two-headed ogre
 14439 | D:10     | Killed a two-headed ogre
 14490 | D:11     | Killed a two-headed ogre
 14573 | D:11     | Noticed a cyclops
 14719 | Lair:1   | Entered Level 1 of the Lair of Beasts
 14730 | Lair:1   | Learned a level 3 spell: Frozen Ramparts
 14821 | Lair:1   | Reached skill level 1 in Ice Magic
 15085 | Lair:1   | Noticed a boulder beetle
 15138 | Lair:1   | Killed a boulder beetle
 15465 | Lair:1   | Offered knowledge of Inner Flame by Vehumet.
 16008 | Lair:2   | Noticed Gastronok
 16084 | Lair:2   | Reached skill level 5 in Ice Magic
 16428 | Lair:2   | Reached XP level 12. HP: 72/73 MP: 12/21
 16953 | Lair:2   | Found a runed translucent door.
 16954 | Lair:2   | Found a shimmering altar of Xom.
 16954 | Lair:2   | Noticed Banquo's ghost (journeyman DjFE)
 17214 | Lair:2   | Found a staircase to the Swamp.
 18215 | Lair:3   | Noticed a skyshark
 18241 | Lair:3   | Killed a skyshark
 18952 | Lair:3   | Found a hole to the Spider Nest.
 19067 | Lair:3   | Reached **** piety under Vehumet
 19393 | Lair:4   | Noticed a boulder beetle
 19638 | Lair:4   | Offered knowledge of Fireball by Vehumet.
 19749 | Lair:4   | Found a frozen archway.
 19782 | IceCv    | Entered an ice cave
 19978 | IceCv    | Noticed a death yak
 19984 | IceCv    | Killed a death yak
 20364 | IceCv    | Noticed a frost giant
 20364 | IceCv    | Noticed a death yak
 20473 | IceCv    | Reached XP level 13. HP: 76/80 MP: 15/25
 20544 | IceCv    | Learned a level 5 spell: Fireball
 20638 | IceCv    | Reached skill level 2 in Fire Magic
 20756 | IceCv    | Reached skill level 3 in Fire Magic
 21017 | IceCv    | Reached skill level 4 in Fire Magic
 21066 | IceCv    | Reached skill level 5 in Fire Magic
 21683 | IceCv    | Killed a frost giant
 21684 | IceCv    | Reached skill level 6 in Fire Magic
 22034 | IceCv    | Identified the ring "Malixt" {Ice Str+2}
 22250 | Lair:4   | Noticed Josephine
 22593 | Lair:3   | Reached skill level 7 in Fire Magic
 22846 | Lair:4   | Killed Josephine
 23010 | Lair:4   | You fall into a shaft and drop 1 floor!
 23010 | Lair:5   | Entered Level 5 of the Lair of Beasts
 23068 | Lair:5   | Reached ***** piety under Vehumet
 23211 | Lair:5   | Offered knowledge of Iskenderun's Mystic Blast by Vehumet.
 23962 | Lair:5   | Reached skill level 10 in Fighting
 24037 | Lair:5   | Found a viscous altar of Jiyva.
 24117 | Lair:5   | Reached skill level 8 in Fire Magic
 24376 | Lair:5   | Gained mutation: Your large and strong wings let you fly.
                  | [Gargoyle growth]
 24376 | Lair:5   | Reached XP level 14. HP: 88/88 MP: 15/27
 24411 | Lair:5   | Reached skill level 9 in Fire Magic
 24661 | Lair:5   | Reached skill level 10 in Spellcasting
 25361 | Lair:5   | Offered knowledge of Olgreb's Toxic Radiance by Vehumet.
 25741 | Orc:1    | Entered Level 1 of the Orcish Mines
 25757 | Orc:1    | Found Kichunt's Distillery.
 25758 | Orc:1    | Found Cakkeress's Gadget Gallery.
 25839 | Orc:1    | Reached skill level 10 in Fire Magic
 26305 | Orc:2    | Entered Level 2 of the Orcish Mines
 26473 | Orc:2    | Found Omuzups's Antique Armour Shop.
 26542 | Orc:2    | Found Hosejom's Antique Armour Boutique.
 26747 | Orc:2    | Noticed an orc warlord
 26769 | Orc:2    | Reached skill level 11 in Fire Magic
 26864 | Orc:2    | Found Lagobeir's General Store.
 27186 | Orc:2    | Found Daoruroj's Antique Weapon Boutique.
 27310 | Orc:2    | Found Cimuc's Book Emporium.
 27321 | Orc:2    | Killed an orc warlord
 27518 | Orc:2    | Found a staircase to the Elven Halls.
 27722 | Orc:2    | Learned a level 4 spell: Olgreb's Toxic Radiance
 28066 | D:11     | Offered knowledge of Eringya's Noxious Bog by Vehumet.
 28094 | D:11     | Identified the +2 scale mail "Castrutt" {rF+ Slay+3}
 28267 | D:12     | Noticed Psyche
 28272 | D:12     | Reached skill level 12 in Fire Magic
 28629 | D:12     | Killed Psyche
 28630 | D:12     | Reached XP level 15. HP: 92/92 MP: 21/29
 29071 | D:12     | Reached skill level 10 in Dodging
 29379 | D:12     | Found an ancient bone altar of Kikubaaqudgha.
 29439 | D:13     | Reached skill level 13 in Fire Magic
 31453 | D:14     | Offered knowledge of Iskenderun's Battlesphere by Vehumet.
 31475 | D:13     | Learned a level 5 spell: Iskenderun's Battlesphere
 31843 | D:14     | Found a gate to the Vaults.
 32146 | D:13     | Reached skill level 1 in Shields
 33113 | D:15     | Entered Level 15 of the Dungeon
 33833 | D:15     | Reached skill level 5 in Shields
 34135 | D:15     | Noticed an iron dragon
 34240 | D:15     | Killed an iron dragon
 34935 | D:15     | Reached XP level 16. HP: 54/99 MP: 21/30
 35124 | D:15     | Found a staircase to the Depths.
 35469 | D:15     | Found the ring of the Tortoise {AC+8}
 35798 | Spider:1 | Entered Level 1 of the Spider Nest
 36057 | Orc:2    | Bought a book of Spectacle for 680 gold pieces
 36838 | Spider:1 | Reached skill level 10 in Shields
 36889 | Spider:1 | Identified the staff of conjuration "Adoecevi" {rElec rCorr
                  | Str-2}
 37552 | Spider:2 | Noticed Asterion
 37565 | Spider:2 | Killed from afar by Asterion

Illustrated notes

Levels and vault maps discovered:
D:1:      dpeg_arrival_long_road, layout_basic, fountainhead
D:2:      layout_loops_cross, serial_shops, shop, minmay_fountain_box
D:3:      layout_basic, grunt_dithmenos_smoke_and_mirrors,
          eat_drink_and_be_merry_uskayaw, old_standard_altar,
          minmay_starry_boxes, uniq_terence
D:4:      layout_cave_pools, mainiacjoe_overflow_24_doors, serial_shops, shop,
          uniq_natasha, uniq_pargi, uniq_duvessa
D:5:      layout_basic, grunt_temple_overflow_magic_moments,
          minmay_temple_entry_glassed_door, ebering_ghost_inner_flame
D:6:      layout_loops_cross, mainiacjoe_overflow_small_starburst,
          serial_aquarium, aquarium_bridge_straight [aquarium_subvault_bridge,
          aquarium_subvault_balcony, aquarium_subvault_bridge,
          aquarium_subvault_window], aquarium_window_fake,
          aquarium_window_corner, aquarium_view_4, aquarium_view_2c,
          hangedman_abyss_or_decor_jellyfish_corner
D:7:      layout_loops_ring, uniq_maggie
D:8:      layout_gridville, erik_lair_orcish_takeover, nicolae_sextant,
          nicolae_specific_store
D:9:      layout_basic, erik_orc_2, nicolae_elevator_lobby_plus
D:10:     layout_stronghold, nicolae_hexahallways
D:11:     layout_cave_pools, kennysheep_generic_room_10
D:12:     layout_rooms, kennysheep_vampire_church, uniq_psyche
D:13:     nicolae_cairo_tiling_large, layout_layer_cave
D:14:     layout_roguey, erik_vaults_2, serial_corexii_hall,
          corexii_hall_statues_s, chequers_hall_statues_wall_a
D:15:     grunt_enter_depths_magical_seal, layout_basic,
          minmay_misc_feat_more_columns, minmay_misc_feat_four_crosses,
          columned_hall_lemuel, serial_bayou_pond_c,
          minmay_guarded_unrand_tortoise
Lair:1:   layout_regular_city, nzn_sisyphean_effort
Lair:2:   layout_loops_ring, minmay_swamp_entry_worms, ebering_ghost_xom,
          uniq_gastronok
Lair:3:   layout_roguey, hellmonk_spider_entry_not_the_bees,
          chequers_serial_rivers_small_a, dreamdust_mushroom_princess
Lair:4:   layout_loops_ring, portal_ice_cave_entry_ice_simulacra, uniq_josephine
Lair:5:   minmay_lair_end_enchanted_forest, layout_gridlike,
          minmay_slime_entry_oklob_enclosed
Spider:1: layout_spider_delve
Spider:2: layout_chambers, uniq_asterion
Orc:1:    layout_diamond_mine, serial_shops, shop, nicolae_shop_gadgets
Orc:2:    grunt_orc_gardens, layout_caves, grunt_orc_garden, grunt_orc_garden,
          grunt_orc_garden, grunt_orc_garden, serial_shops,
          nicolae_shop_peninsula

Skill      XL: |  1  2  3  4  5  6  7  8  9 10 11 12 13 14 15 16 |
---------------+-------------------------------------------------+-----
Earth Magic    | 4 5 8 9 |  9.0
Conjurations   | 1 3 4 6 7 10 | 10.0
Spellcasting   | 3 4 6 8 9 10 | 10.5
Fighting       | 1 3 6 7 9 10 | 10.7
Dodging        | 2 3 5 6 7 8 9 10 | 10.0
Poison Magic   | 4 |  4.0
Armour         | 2 5 6 |  6.9
Ice Magic      | 5 7 |  7.0
Stealth        | 4 |  4.0
Fire Magic     | 8 12 13 | 13.4
Shields        | 7 10 | 10.9
Transmutations | |  0.7

Action                     |  1- 3 |  4- 6 |  7- 9 | 10-12 | 13-15 | 16-18 || total
---------------------------+-------+-------+-------+-------+-------+-------++-------
  Melee: Dagger            |       |       |       |    54 |    25 |       ||    79
         Punch             |       |       |       |     1 |       |       ||     1
   Fire: Sling             |    28 |    34 |    25 |       |       |       ||    87
   Cast: Sandblast         |    46 |    42 |   142 |   120 |     5 |       ||   355
         Magic Dart        |       |       |    99 |   170 |     4 |       ||   273
         Stone Arrow       |       |       |       |   165 |   617 |   113 ||   895
         Frozen Ramparts   |       |       |       |    41 |    14 |       ||    55
         Fireball          |       |       |       |       |    85 |    10 ||    95
         Olgreb's Toxic Ra |       |       |       |       |     2 |     3 ||     5
         Iskenderun's Batt |       |       |       |       |    24 |    23 ||    47
  Evoke: Wand              |       |       |       |     3 |       |       ||     3
    Use: Scroll            |       |       |     3 |    10 |    10 |     1 ||    24
         Potion            |       |       |     1 |     3 |     1 |     1 ||     6
   Stab: Sleeping          |       |       |       |     2 |       |       ||     2
 Armour: Leather armour    |     3 |    11 |    33 |       |       |       ||    47
         Steam dragon scal |       |       |    19 |   140 |    37 |       ||   196
         Robe              |       |       |       |       |    99 |    31 ||   130
  Dodge: Dodged            |    16 |    17 |    66 |   252 |   174 |    34 ||   559
  Block: Buckler           |       |       |       |       |     1 |    21 ||    22

Table legend: (Time is in decaauts)
 A = Elapsed time spent in this place.
 B = Non-inter-level travel time spent in this place.
 C = Inter-level travel time spent in this place.
 D = Time resting spent in this place.
 E = Time spent auto-exploring this place.
 F = Levels seen in this place.
 G = Mean time per level.
                   A        B        C        D        E       F      G
               +--------+--------+--------+--------+--------+-----+--------+
         Total |  37810 |  35384 |   2426 |  10989 |  18269 |  25 | 1512.4 |
       Dungeon |  23098 |  21447 |   1651 |   5860 |  12126 |  15 | 1539.9 |
          Lair |   8997 |   8436 |    561 |   2862 |   4123 |   5 | 1799.4 |
   Spider Nest |   1245 |   1232 |     13 |    294 |    715 |   2 |  622.5 |
  Orcish Mines |   2085 |   1885 |    200 |    507 |   1002 |   2 | 1042.5 |
      Ice Cave |   2383 |   2383 |      0 |   1465 |    302 |   1 | 2383.0 |
               +--------+--------+--------+--------+--------+-----+--------+

Top non-repeatable levels by time:
     D:9: 2924 daAuts
    D:13: 2600 daAuts
    D:15: 2465 daAuts
   IceCv: 2383 daAuts
  Lair:2: 2172 daAuts
  Lair:5: 2133 daAuts
    D:10: 2089 daAuts
     D:8: 2052 daAuts
  Lair:3: 1866 daAuts
  Lair:1: 1498 daAuts
     D:3: 1425 daAuts
     D:7: 1391 daAuts
  Lair:4: 1326 daAuts
   Orc:2: 1235 daAuts
    D:11: 1226 daAuts
